 Dungeon Crawl Stone Soup version 0.19.1 (webtiles) character file.

240 nicanaca0 the Cudgeler (level 6, 29/37 HPs)
             Began as a Gargoyle Berserker on Dec 20, 2016.
             Was a Priest of Trog.
             Quit the game on level 3 of the Dungeon on Dec 23, 2016.
             The game lasted 00:07:57 (3612 turns).

nicanaca0 the Cudgeler (Gargoyle Berserker)         Turns: 3612, Time: 00:07:57

Health: 29/37      AC:  9    Str: 20    XL:     6   Next: 8%
Magic:  6/6        EV: 11    Int: 10    God:    Trog [***...]
Gold:   139        SH:  0    Dex: 11    Spells: 0 memorised, 5 levels left

rFire  . . .     SeeInvis .     a - +0 mace
rCold  . . .     Gourm    .     p - +0 ring mail
rNeg   + . .     Faith    .     (no shield)
rPois  ∞         Spirit   .     (no helmet)
rElec  +         Reflect  .     (no cloak)
rCorr  .         Harm     .     (no gloves)
MR     .....                    (no boots)
Stlth  +.........               (no amulet)
                                j - ring of poison resistance
                                k - +2 ring of intelligence

@: exhausted, slowed, very slow
A: negative energy resistance 1, electricity resistance, unbreathing,
petrification resistance, rot immunity, AC +4
a: Berserk, Trog's Hand, Burn Spellbooks, Renounce Religion


You were on level 3 of the Dungeon.
You worshipped Trog.
Trog was most pleased with you.
You were very hungry.

You visited 1 branch of the dungeon, and saw 3 of its levels.

You collected 139 gold pieces.

Inventory:

Hand Weapons
 a - a +0 mace (weapon)
Missiles
 n - 54 stones (quivered)
Armour
 p - a +0 ring mail (worn)
   (You found it on level 2 of the Dungeon)
Jewellery
 j - a ring of poison resistance (right hand)
   (You found it on level 2 of the Dungeon)
 k - a +2 ring of intelligence (left hand)
   (You took it off a kobold on level 1 of the Dungeon)
Scrolls
 d - a scroll of blinking {unknown}
 e - a scroll of enchant weapon {unknown}
 g - 2 scrolls of enchant armour {unknown}
 i - a scroll of remove curse {unknown}
 m - 3 scrolls of random uselessness {unknown}
 r - 2 scrolls of magic mapping {unknown}
Potions
 h - a potion of curing {unknown}
 o - 2 potions of magic {unknown}
 q - a potion of ambrosia {unknown}
 s - a potion of degeneration {unknown}
 t - a potion of brilliance {unknown}
Comestibles
 b - 9 chunks of flesh
 c - 3 bread rations
 f - 3 fruits
 l - 2 meat rations


   Skills:
 - Level 3.2 Fighting
 + Level 6.6 Maces & Flails
 - Level 2.1 Armour
 - Level 1.5 Dodging


You had 5 spell levels left.
You didn't know any spells.

Dungeon Overview and Level Annotations

Branches:
Dungeon (3/15)

Altars:


Innate Abilities, Weirdness & Mutations

You are resistant to torment.
Your stone body is resilient. (AC +4)
You are immune to poison.
You resist negative energy. (rN+)
You are resistant to electric shocks. (rElec)
You can survive without breathing.
You are immune to petrification.
You are immune to rotting.


Message History

* * * LOW HITPOINT WARNING * * *
The goblin hits you but does no damage. The orc closely misses you.
You are too injured to fight recklessly!
You sock the orc priest!
You kill the orc priest!
Trog accepts your kill.
You have reached level 6!
Your experience leads to an increase in your attributes!
Your base attributes are Str 20, Int 8, Dex 10.
Increase (S)trength, (I)ntelligence, or (D)exterity?
You feel agile. The goblin barely misses you.
You sock the orc!
You kill the orc!
Trog accepts your kill. The orc closely misses you.
You barely miss the goblin.
The goblin is heavily wounded.
The goblin barely misses you. The orc hits you but does no damage.
You closely miss the goblin.
The goblin is heavily wounded.
The goblin misses you.
You closely miss the goblin.
The goblin is heavily wounded.
The orc closely misses you. The goblin barely misses you.
A worm comes into view.
You sock the orc!
You kill the orc!
Trog accepts your kill. The goblin hits you but does no damage.
An orc comes into view. It is wielding a flail.
Things that are here:
a mace; 3 tomahawks; a leather armour You sock the worm!
The worm is heavily wounded.
The worm bites you but does no damage.
You thump the worm!
You kill the worm!
Trog accepts your kill. The goblin barely misses you.
You sock the orc!
You kill the orc!
Trog accepts your kill.
You thump the goblin!
You kill the goblin!
Trog accepts your kill.
You are no longer berserk.
You are exhausted.
You feel yourself slow down. The orc hits you but does no damage.
You see here a goblin corpse.
You hit the orc but do no damage. The orc hits you but does no damage.
You hit the orc.
The orc is heavily wounded.
The orc barely misses you. x2
You hit the orc but do no damage.
The orc is heavily wounded.
The orc barely misses you. The orc misses you.
You closely miss the orc.
The orc is heavily wounded.
The orc hits you but does no damage.
You barely miss the orc.
The orc is heavily wounded.
The orc barely misses you. The orc hits you but does no damage.
You closely miss the orc.
The orc is heavily wounded.
The orc hits you but does no damage. x2
You closely miss the orc.
The orc is heavily wounded.
The orc closely misses you.
You hit the orc but do no damage.
The orc is heavily wounded.
The orc closely misses you. The orc completely misses you.
You hit the orc.
You kill the orc!
Trog accepts your kill.
Things that are here:
a short sword; a ring mail There isn't anything to butcher here.
You see here a goblin corpse.
You butcher the goblin corpse.
b - 5 chunks of flesh (gained 2)
You are feeling very hungry.
Things that are here:
a club; an orc corpse You butcher the orc corpse.
b - 7 chunks of flesh (gained 2)
You see here a club.
There isn't anything to butcher here.
Things that are here:
a whip of venom; a leather armour; an orc corpse You butcher the orc corpse.
b - 9 chunks of flesh (gained 2)
Things that are here:
a whip of venom; a leather armour; an orc skeleton
c - 3 bread rations (gained 1)
There isn't anything here!
Things that are here:
a whip of venom; a leather armour; an orc skeleton Welcome back, nicanaca0 the Gargoyle Berserker.
Trog says: Kill them all!

## #### ## #.. ..#
..# #.# ######.##..##
#.# #.....[.....# #.#
#.#....###.## #.#
#.#.#[)9...#
######.###.#.#)###..#
.....>.....#<.......#
#....#.#............#
#.. #.#.###.#.#....#
# #.#.# #.#.#....#
#.#.# #.#.#....#
#.#.# #.#.# ...#
#.#.# #.#


There were no monsters in sight!

Vanquished Creatures
  An orc priest (D:3)
  Natasha (thrice) (D:3)
  Terence (D:3)
  An adder (D:3)
  An ooze (D:1)
  4 worms
  3 dart slugs
  3 leopard geckos
  4 orcs (D:3)
  7 bats
  4 giant cockroaches
  11 goblins
  8 hobgoblins
  3 jackals (D:2)
  9 kobolds
  5 frilled lizards
  12 rats
80 creatures vanquished.

Notes
Turn   | Place    | Note
-------+----------+-------------------------------------------
     0 | D:1      | nicanaca0 the Gargoyle Berserker began the quest for the Orb.
     0 | D:1      | Reached XP level 1. HP: 14/14 MP: 1/1
   260 | D:1      | Reached XP level 2. HP: 6/19 MP: 2/2
  1085 | D:1      | Reached skill level 4 in Maces & Flails
  1133 | D:1      | Reached XP level 3. HP: 23/23 MP: 3/3
  1655 | D:1      | Reached ** piety under Trog
  2434 | D:2      | Reached XP level 4. HP: 28/28 MP: 4/4
  2777 | D:3      | Noticed Natasha
  2789 | D:3      | Killed Natasha
  2789 | D:3      | Reached skill level 5 in Maces & Flails
  2842 | D:3      | Noticed Terence
  2843 | D:3      | Noticed Natasha
  2864 | D:3      | Killed Terence
  2864 | D:3      | Reached XP level 5. HP: 32/32 MP: 5/5
  3077 | D:3      | Killed Natasha
  3365 | D:3      | Noticed Natasha
  3373 | D:3      | Killed Natasha
  3373 | D:3      | Reached skill level 6 in Maces & Flails
  3381 | D:3      | Reached *** piety under Trog
  3578 | D:3      | Reached XP level 6. HP: 35/37 MP: 6/6
  3612 | D:3      | Quit the game

Skill      XL: |  1  2  3  4  5 |
---------------+----------------+-----
Maces & Flails | 4 5 6 |  6.6
Fighting       | |  3.2
Armour         | |  2.1
Dodging        | |  1.5

Action                   |  1- 3 |  4- 6 || total
-------------------------+-------+-------++-------
Melee: Mace              |   120 |   154 ||   274
Invok: Berserk           |     2 |     3 ||     5
  Eat: Chunk             |     7 |     4 ||    11
       Pizza             |       |     1 ||     1
Armor: Animal skin       |    20 |       ||    20
       Leather armour    |    30 |       ||    30
       Skin              |     1 |       ||     1
       Ring mail         |     2 |    80 ||    82
Dodge: Dodged            |    95 |   106 ||   201

Vault maps used:
D:1:      minmay_arrival_four_houses, minmay_misc_feat_tower,
          chequers_big_river, minmay_crystal_room, minmay_tromino_i2
D:3:      uniq_terence, uniq_natasha

Table legend:
 A = Turns spent in this place as a percentage of turns spent in the entire game.
 B = Non-inter-level travel turns spent in this place as a percentage of non-inter-level travel turns spent in the entire game.
 C = Inter-level travel turns spent in this place as a percentage of turns spent in this place.
 D = Turns resting spent in this place as a percentage of non-inter-level travel turns spent in this place.
 E = Turns spent auto-exploring this place as a percentage of non-inter-level travel turns spent in this place.
 F = Non-inter-level travel turns spent in this place divided by the number of levels of this place that you've seen.
                   A       B       C       D       E      F
               +-------+-------+-------+-------+-------+----------------------
         Total | 100.0 | 100.0 |   0.2 |   2.9 |   9.2 | 317.3
       Dungeon | 100.0 | 100.0 |   0.2 |   2.9 |   9.2 | 317.3
               +-------+-------+-------+-------+-------+----------------------

Table legend:
 A = Kills in this place as a percentage of kills in entire the game.
 B = Kills by you in this place as a percentage of kills by you in the entire game.
 C = Kills by friends in this place as a percentage of kills by friends in the entire game.
 D = Other kills in this place as a percentage of other kills in the entire game.
 E = Experience gained in this place as a percentage of experience gained in the entire game.
 F = Experience gained in this place divided by the number of levels of this place that you have seen.
                   A       B       C       D       E      F
               +-------+-------+-------+-------+-------+----------------------
         Total | 100.0 | 100.0 |  -nan |  -nan | 100.0 | 114.3
       Dungeon | 100.0 | 100.0 |  -nan |  -nan | 100.0 | 114.3
               +-------+-------+-------+-------+-------+----------------------
